Map: Kairos Junction LE

Players

zuka - Winner!

  • Race: Protoss Protoss
  • League: Master
  • Spawn Location: 5:00

llllllllllll

  • Race: Zerg Zerg
  • League: Master
  • Spawn Location: 11:00

VOD

Have the link to the VOD?

Description

Time

  • Played on: July 30, 2019, 3:07 p.m.
  • Length: 5:40
Show
View Real Time Build Order
Export as new Build Order

zuka Protoss - Winner!

Build Orders:  

Get SALT Encoding   

  12  0:00  Probe  
  13  0:13  Probe  
  14  0:19  Pylon  
  14  0:21  Probe  
  15  0:33  Probe  
  15  0:40  Gateway  
  16  0:45  Probe  
  17  0:50  Assimilator  
  17  0:55  Probe  
  17  1:03  Probe  
  19  1:11  Probe  
  20  1:23  Probe  
  21  1:26  Gateway  
  21  1:28  Zealot  
  23  1:34  Cybernetics Core  
  23  1:42  Pylon  
  23  1:48  Assimilator  
  23  2:02  Warp Gate  
  24  2:08  Probe  
  24  2:10  Pylon  
  24  2:13  Stalker  
  28  2:23  Zealot  
  28  2:31  Robotics Facility  
  28  2:56  Gateway  
  28  3:16  Immortal  
  32  3:29  Pylon  
  32  3:51  Adept  
  34  3:55  Pylon  
  34  3:59  Warp Prism  
  36  4:13  Adept x3  
  41  4:27  Immortal  
  41  4:35  Sentry  
  41  4:36  Adept  
  45  4:42  Adept  
  47  5:00  Adept  
  47  5:01  Adept  
  47  5:03  Adept  
  53  5:13  Pylon  
  53  5:21  Stalker  
  53  5:38  Adept x2  
Show
View Real Time Build Order
Export as new Build Order

llllllllllll Zerg 

Build Orders: Pool First 

Get SALT Encoding   

  12  0:01  Drone  
  13  0:13  Overlord  
  13  0:16  Drone  
  14  0:31  Drone x2  
  14  0:35  Drone  
  17  0:55  Spawning Pool  
  17  0:56  Drone  
  17  1:12  Hatchery  
  17  1:16  Extractor  
  17  1:17  Drone  
  16  1:21  Drone  
  17  1:44  Hatchery  
  16  1:47  Drone  
  16  1:51  Drone  
  18  1:55  Drone  
  19  2:07  Drone  
  20  2:10  Queen  
  22  2:17  Metabolic Boost  
  22  2:25  Zergling x2  
  23  2:33  Zergling x2  
  24  2:44  Hatchery  
  22  2:54  Zergling x2  
  22  2:55  Zergling x2  
  24  2:59  Queen  
  24  3:04  Overlord  
  26  3:21  Overlord  
  26  3:22  Queen  
  26  3:42  Zergling x2  
  26  3:43  Zergling x2  
  26  3:45  Zergling x2  
  26  3:46  Zergling x4  
  26  3:47  Overlord  
  31  3:56  Overlord  
  31  3:57  Zergling x2  
  31  3:58  Zergling x4  
  33  4:14  Zergling x6  
  34  4:27  Zergling x12  
  37  4:42  Evolution Chamber  
  35  4:51  Zergling x10  
  36  5:00  Zergling x8  
  39  5:08  Zergling x4  
  39  5:15  Zergling x2  
  39  5:16  Zergling x4  
Tags
 
Add a new tag
Caveats
  • Supply blocks, unpowered buildings, or Contaminate may cause inaccurate times.
  • Supply counts are checked every 10 seconds.